[Event "European Women Blitz-ch 2024"]
[Site "Monaco"]
[Date "2025.01.10"]
[Round "2.16"]
[White "Javakhishvili, Lela"]
[Black "Schulze, Lara"]
[Result "1-0"]
[Annotator "TA"]
[ECO "A06"]
[WhiteElo "2426"]
[BlackElo "2266"]
[PlyCount "91"]
[EventDate "2025.01.06"]
[EventType "swiss"]
[EventCountry "MNC"]
[SourceTitle "playchess.com"]
[Source "ChessBase"]
[SourceQuality "1"]
[TimeControl "180+2"]

1. Nf3 d5 2. b3 Bg4 3. e3 Nf6 4. Bb2 e6 5. h3 Bh5 6. g4 Bg6 7. Ne5 Nbd7 8. Nxg6 hxg6 9. Bg2 Bd6 10. Nc3 c6 11. g5 Nh5 12. h4 Qe7 13. Qe2 Ba3 14. O-O-O O-O-O (14... a5 $15) 15. d4 Kb8 16. Na4 Bxb2+ 17. Kxb2 e5 18. Qg4 exd4 19. Qxd4 Qe5 (19... Rhf8 $11) 20. Nc3 (20. Qxe5+ $14 Nxe5 21. Kc1) 20... Qxd4 21. Rxd4 Rhe8 22. Ne2 Ne5 23. Rhd1 Kc7 24. Bh3 Nf3 25. Ra4 a6 26. Bg4 Ne5 {[%emt 0:00:02] Strongly threatening ...b5.} 27. Bh3 Nf3 28. Ng1 Ne5 29. Rad4 Nd7 (29... f6 $11) 30. c4 $16 Nb6 31. cxd5 Rxd5 32. Ne2 Rxd4 33. Nxd4 Nd5 34. a3 Rd8 35. Rc1 (35. b4 $16) 35... Kb6 (35... Nhf4 $1 $11 36. Bf1 (36. exf4 Nxf4 37. Nxc6 Rd2+ 38. Rc2 Nd3+ 39. Kc3 Rxc2+ 40. Kxc2 Nxf2 $11) 36... Ne6) 36. b4 (36. Bf1 $16) 36... a5 $2 (36... Nhf4 $1 $11 37. Bf1 (37. exf4 Nxf4 38. Nxc6 bxc6 $15) 37... Ne6) 37. Kb3 $2 ({Only move:} 37. bxa5+ $18 Kc7 38. Bf1) 37... axb4 $11 38. axb4 Ra8 (38... Nhf4 $1 $11 {keeps the balance.} 39. Bf1 (39. exf4 Nxf4 40. Nxc6 bxc6 $11) 39... Ne6) 39. Bg2 Ne7 40. Nf3 {[%emt 0:00:06] White is more active.} Nf5 41. Bh3 Rd8 (41... f6 $14) 42. Bxf5 ({White should play} 42. Ne5 $16) 42... gxf5 43. Ne5 f6 44. gxf6 Nxf6 45. Rg1 Rd2 $2 {[%emt 0:00:06][%mdl 8192] [#]} (45... Rg8 $14) 46. Nc4+ $1 (46. Rxg7 Rxf2 47. Nd3 Rh2 $16) 1-0

[Event "European Women Blitz-ch 2024"]
[Site "Monaco"]
[Date "2025.01.10"]
[Round "2.17"]
[White "Doluhanova, Evgeniya"]
[Black "Papp, Petra"]
[Result "1/2-1/2"]
[Annotator "TA"]
[ECO "B06"]
[WhiteElo "2273"]
[BlackElo "2235"]
[PlyCount "128"]
[EventDate "2025.01.06"]
[EventType "swiss"]
[EventCountry "MNC"]
[SourceTitle "playchess.com"]
[Source "ChessBase"]
[SourceQuality "1"]
[TimeControl "180+2"]

1. Nf3 g6 2. e4 c5 3. c3 d5 4. exd5 Qxd5 5. d4 Nf6 6. Be2 Bg7 7. O-O O-O 8. c4 Qd6 9. d5 b5 10. Nc3 b4 (10... bxc4 $11 {keeps the balance.} 11. Nd2 Rd8 (11... Nxd5 $2 12. Nxd5 Be6 13. Nc3 $18)) 11. Nb5 $16 Qb6 {[%emt 0:00:02] ...a6 would now be deadly.} 12. d6 (12. a3 $16) 12... exd6 $15 13. Qxd6 Ne4 (13... Bb7 $11) 14. Qxb6 (14. Qf4 $14 Nf6 15. a3 (15. Nc7 $2 Nh5 $19)) 14... axb6 $11 15. Nc7 Ra7 16. Nd5 Nd7 17. Bd3 f5 18. Re1 (18. Bxe4 $2 fxe4 19. Nd2 Bb7 20. Nxe4 Ne5 $19) 18... Ndf6 (18... Bb7 $15) 19. Nxb6 Be6 {[%emt 0:00:01] With the idea ...Rb8.} 20. Ng5 Nxg5 21. Bxg5 {[%emt 0:00:03] [#]} Ne4 $1 22. Bxe4 (22. Bc1 Bd4) 22... fxe4 23. Re2 b3 (23... Ra6 $15 {should be considered.} 24. Nd5 Bxd5 25. cxd5 Rf5) 24. a4 {[%emt 0:00:06][%cal Oa1a3,Ba2a4,Ba4a5,Ba5a6][%mdl 32] White is weak on the light squares} Bd4 (24... Rb8 $11 25. Nd5 Bxd5 26. cxd5 Rb4) 25. Be3 Bg4 {[%emt 0:00:03] [#]} (25... Rd8 $14) 26. Rd2 $1 $18 Raf7 (26... Rf6 $16 {was called for.}) 27. h3 Be6 28. a5 h5 $2 (28... Rd8 29. Re1 Ra7 30. Bxd4 cxd4 31. Rxe4 Kf7) 29. a6 Ra7 30. Nd5 (30. Bxd4 $142 cxd4 31. Rxd4) 30... Bxd5 31. cxd5 Bxe3 32. fxe3 {[%emt 0:00:00][%mdl 4096] Endgame KRR-KRR. White is a pawn up.} Rfa8 33. d6 Rd7 34. Ra3 Kf7 35. Rd5 (35. Rxb3 $6 Rxa6 36. Rc2 Rdxd6 $14) 35... Ke6 36. Rxc5 {[%emt 0:00:01] Strongly threatening Rg5.} Rxd6 37. Rxb3 Raxa6 38. Rc4 Ke5 39. Rbb4 Rd2 40. Rxe4+ Kf6 41. Rf4+ Kg7 42. Rf2 (42. Rb7+ $16 Kh6 43. Rf8) 42... Rd3 ({Better is} 42... Ra1+ $14 43. Rf1 Ra2) 43. e4 (43. Rb7+ $18 Kh6 44. Rff7) 43... Re3 $16 44. Rf3 Ra1+ (44... Re2 $16) 45. Kh2 Ree1 {[%emt 0:00:00] ( -> ...h4)} 46. Rb7+ Kh6 {[%emt 0:00:01][%cal Oh5h4] ( -> ...h4!)} 47. h4 (47. Rf4 $16) 47... Rxe4 $11 48. Kg3 Rg4+ 49. Kh2 Rxh4+ 50. Rh3 Rc4 51. Rb6 Rcc1 52. Rc3 Rh1+ 53. Kg3 Rhd1 (53... Rad1 $11) 54. Rcc6 $14 Rd3+ 55. Kh2 Ra4 (55... Kg5 $14) 56. Rxg6+ $18 Kh7 57. Rh6+ Kg7 58. Rxh5 Rdd4 59. Rh3 Re4 60. b3 Rad4 {[%emt 0:00:01] [#]} 61. b4 $2 Rxb4 $11 62. Rxb4 Rxb4 63. Rg3+ Kh6 64. Rh3+ Kg6 1/2-1/2

[Event "European Women Blitz-ch 2024"]
[Site "Monaco"]
[Date "2025.01.10"]
[Round "2.18"]
[White "Kulon, Klaudia"]
[Black "Dornbusch, Tatiana"]
[Result "1-0"]
[Annotator "TA"]
[ECO "A29"]
[WhiteElo "2393"]
[BlackElo "2234"]
[PlyCount "67"]
[EventDate "2025.01.06"]
[EventType "swiss"]
[EventCountry "MNC"]
[SourceTitle "playchess.com"]
[Source "ChessBase"]
[SourceQuality "1"]
[TimeControl "180+2"]

1. c4 e5 2. g3 Nf6 3. Bg2 d5 4. cxd5 Nxd5 5. Nc3 Nb6 6. Nf3 Nc6 7. O-O Be7 8. a3 a5 9. d3 O-O 10. Be3 Be6 11. Bxb6 cxb6 12. Rc1 f6 ({Black should try} 12... a4 $11) 13. Nd2 (13. e3 $14) 13... Rc8 $11 14. Qa4 Qd7 (14... f5 $11) 15. Nc4 Bc5 16. Ne4 Nd4 17. Qd1 Qd8 (17... a4 $11) 18. e3 $1 $14 Nc6 19. Qe2 (19. Nxc5 $16 bxc5 20. Qb3) 19... Be7 20. Rfd1 (20. Nc3 $16) 20... b5 $36 {[%emt 0:00:01][%mdl 2048] Black fights for an advantage.} 21. Ncd2 Qb6 22. Nc3 Rfd8 23. h3 Rd7 (23... b4 $15 24. axb4 (24. Na4 $2 Qb5 $19) 24... Bxb4 (24... Nxb4 25. d4 $15) (24... Qxb4 25. Nc4 $11)) 24. Kh2 {[%emt 0:00:03] [#]} (24. a4 $11) 24... Rcd8 $1 $17 25. Nf3 ({Better is} 25. a4 $1 $15) 25... Bb3 26. Rd2 b4 27. axb4 Nxb4 (27... axb4 $17 28. Nb1 Bf8) 28. d4 $11 Nc6 29. dxe5 fxe5 30. Rxd7 Rxd7 31. Ne4 a4 32. Nfg5 {[%emt 0:00:14] Hoping for Qh5. Excellent horsemanship.} h6 {[%emt 0:00:01] [#]} (32... Qd8 $11 {keeps the balance.} 33. Nf3 Qb6) 33. Qg4 $1 $16 Qd8 (33... Nb8 $16) 34. Ne6 1-0

[Event "European Women Blitz-ch 2024"]
[Site "Monaco"]
[Date "2025.01.10"]
[Round "3.1"]
[White "Stefanova, Antoaneta"]
[Black "Tsolakidou, Stavroula"]
[Result "1/2-1/2"]
[Annotator "TA"]
[ECO "D00"]
[WhiteElo "2418"]
[BlackElo "2451"]
[PlyCount "127"]
[EventDate "2025.01.06"]
[EventType "swiss"]
[EventCountry "MNC"]
[SourceTitle "playchess.com"]
[Source "ChessBase"]
[SourceQuality "1"]
[TimeControl "180+2"]

1. d4 Nf6 2. Nf3 g6 3. Nc3 d5 4. Bf4 Bg7 5. h3 O-O 6. e3 a6 7. Be2 c5 8. O-O cxd4 9. exd4 Nc6 10. Ne5 Bf5 11. Re1 Rc8 12. Nxc6 Rxc6 13. Be5 (13. a4 $11 {feels stronger.}) 13... Ne4 $15 14. Nxe4 Bxe4 (14... Bxe5 {simplifies} 15. dxe5 dxe4 16. Qxd8 Rxd8 17. Rad1 Rdc8) 15. c3 Bxe5 16. dxe5 Qb6 17. Qb3 Qxb3 18. axb3 f6 19. exf6 Rcxf6 20. f3 Bc2 21. Bd1 Bxd1 22. Raxd1 e6 23. c4 Rd8 24. Rd4 Kf7 25. Red1 Rf5 26. Kf2 Rc8 (26... Ke7 $11) 27. g4 $16 Rf6 28. cxd5 exd5 29. Rxd5 Rc2+ 30. R1d2 (30. Kg3 $16) 30... Rxd2+ $11 31. Rxd2 Rb6 $1 32. Rd3 Rb4 33. Ke3 g5 34. Kf2 Kg6 35. Kg3 b6 36. h4 gxh4+ 37. Kxh4 a5 38. f4 Rxf4 39. Rd6+ Kg7 40. Rxb6 Rf2 41. b4 a4 42. Ra6 Rxb2 43. Rxa4 h6 44. Ra7+ Kg6 45. Ra6+ Kg7 46. Rb6 Rb3 $1 47. g5 hxg5+ 48. Kxg5 Kf7 49. Kf5 Ke7 50. Ke5 Kd7 51. Kd5 Kc7 52. Kc5 Rh3 53. Kb5 Ra3 54. Rh6 Rb3 55. Rh7+ Kb8 56. Kc5 Rb1 57. b5 Rg1 58. Kb6 Rg6+ 59. Ka5 Rf6 60. Rg7 Re6 61. Kb4 Rf6 62. Kc5 Rh6 63. b6 Rh1 64. Kc6 1/2-1/2

[Event "European Women Blitz-ch 2024"]
[Site "Monaco"]
[Date "2025.01.10"]
[Round "3.2"]
[White "Arabidze, Meri"]
[Black "Toncheva, Nadya"]
[Result "1/2-1/2"]
[Annotator "TA"]
[ECO "D11"]
[WhiteElo "2457"]
[BlackElo "2313"]
[PlyCount "106"]
[EventDate "2025.01.06"]
[EventType "swiss"]
[EventCountry "MNC"]
[SourceTitle "playchess.com"]
[Source "ChessBase"]
[SourceQuality "1"]
[TimeControl "180+2"]

1. d4 d5 2. c4 c6 3. Nf3 Nf6 4. g3 Bf5 5. Nc3 e6 6. Nh4 {[%emt 0:00:02] D11: Slav Defence: 3 Nf3 sidelines and 3...Nf6 4 e3 Bg4.} Be4 7. f3 Bg6 8. Qb3 Qc7 9. Bf4 Qc8 10. Bg2 Be7 11. Nxg6 $146 ({Predecessor:} 11. O-O O-O 12. Rac1 Nbd7 13. Bh3 dxc4 14. Qxc4 Nd5 15. Nxg6 hxg6 16. e4 Nxf4 17. gxf4 {0-1 Rios Escobar,A (2234)-Fiorito,J (2366) Titled Tuesday intern op 04th Apr Early blitz 2023 (6)}) 11... hxg6 12. e4 dxc4 13. Qxc4 Nbd7 14. Rd1 O-O 15. O-O b5 16. Qe2 b4 17. Na4 c5 18. d5 exd5 19. exd5 Re8 20. Qb5 Nh5 $1 21. Bc1 Bd6 22. Qc6 Be5 $1 23. Bh3 $1 Nhf6 24. b3 (24. Kh1 $14) 24... Bd4+ $11 25. Kh1 Qd8 26. Bg5 (26. d6 $11 {remains equal.}) 26... Ne5 $17 27. Qa6 Qxd5 28. Bg2 Re6 ({Avoid the trap} 28... c4 $2 29. f4 Ne4 30. fxe5 Qxe5 31. Bf4 $18 (31. Qxc4 Nf2+ 32. Rxf2 Bxf2 $18)) 29. Qb5 Qd6 ({Black should play} 29... a6 $17 30. Qe2 Ned7) 30. f4 (30. Bxf6 $1 $11 gxf6 31. f4) 30... Nc6 (30... Rb8 $1 $17 31. fxe5 Rxe5) 31. Rfe1 $2 (31. Bxf6 $11 gxf6 32. Nxc5 Qxc5 33. Qxc5 Bxc5 34. Rc1) 31... Rc8 $2 (31... Ng4 $19 {...Nf2+ would now be deadly.} 32. Re2 Rb8 (32... Rae8 $2 33. Rdd2 $19)) 32. Rxe6 $15 Qxe6 33. Qa6 $2 (33. Bxf6 $15 Bxf6 34. Qxc5 (34. Nxc5 Nd4 $17)) 33... Ne7 $2 (33... Ne4 $19 {( -> ...Nf2+)} 34. Rb1 f6) 34. Qxe6 $15 fxe6 35. Re1 (35. Bb7 $15 Rc7 36. Bf3) 35... Kf7 (35... c4 $17 {...c3 is the strong threat.} 36. bxc4 Rxc4) 36. Rc1 (36. Bb7 $15 Rc7 37. Ba6) 36... Ned5 $17 37. Rd1 $2 (37. Bf3 $17) 37... Ne3 38. Rc1 Nxg2 (38... Nfg4 $19 39. Bb7 Nf2+ 40. Kg1 Nh3+ 41. Kh1 Rc7) 39. Kxg2 $17 Ne4 40. h4 (40. Kf3 $142 Nxg5+ 41. fxg5) 40... Rc7 (40... Nxg5 $142 41. hxg5 e5) 41. Kf3 $17 Nxg5+ 42. hxg5 Rc8 43. Rc2 Ke7 44. Ke4 $1 Kd6 45. Kd3 $2 (45. Rd2 $1 $11 {and White stays safe.} Kc6 46. Nb2) 45... Rh8 (45... Kd5 $19 {Strongly threatening ...Rh8.} 46. a3 Rb8 (46... bxa3 47. Nc3+ Bxc3 48. Kxc3 $17) 47. axb4 Rxb4 48. Nc3+ Kc6) 46. Ke4 (46. Kc4 $1 $15) 46... Rh3 (46... Rh1 $19 47. Re2 Rb1) 47. Kf3 Rh1 48. Nb2 Kd5 49. Nc4 Rf1+ 50. Kg2 {[%emt 0:00:02] [#]} (50. Kg4 $17) 50... Rg1+ (50... Rd1 $1 $19 51. Re2 Rc1) 51. Kf3 $17 Rf1+ (51... Ra1 $142 52. Ne3+ Kd6) 52. Kg2 $1 $17 {[%emt 0:00:01] [#]} Rg1+ ({Better is} 52... Rd1 $1 $17 53. Re2 Rc1) 53. Kf3 $11 Rf1+ 1/2-1/2

[Event "European Women Blitz-ch 2024"]
[Site "Monaco"]
[Date "2025.01.10"]
[Round "3.3"]
[White "Berend, Elvira"]
[Black "Wagner, Dinara"]
[Result "1/2-1/2"]
[Annotator "TA"]
[ECO "B52"]
[WhiteElo "2237"]
[BlackElo "2437"]
[PlyCount "117"]
[EventDate "2025.01.06"]
[EventType "swiss"]
[EventCountry "MNC"]
[SourceTitle "playchess.com"]
[Source "ChessBase"]
[SourceQuality "1"]
[TimeControl "180+2"]

1. e4 c5 2. Nf3 d6 3. Bb5+ Bd7 4. a4 Nf6 5. Nc3 g6 6. O-O Bg7 7. Bxd7+ Qxd7 8. e5 dxe5 9. Nxe5 Qf5 10. Nc4 O-O 11. Ne3 Qd7 12. d3 Nc6 13. Re1 b6 14. h3 Rfd8 15. Nc4 Nd5 16. Bd2 Rac8 17. Nxd5 Qxd5 18. Bc3 e5 19. Qe2 Re8 20. Qe4 Qd7 21. Qh4 Nd4 22. Bxd4 exd4 (22... cxd4 $15 23. Qg3 Qc6) 23. Qg3 Re6 (23... Rxe1+ $15 24. Rxe1 Qxa4) 24. Rxe6 $11 Qxe6 25. Qg4 f5 26. Qf3 Re8 27. Qb7 Qe7 28. Qd5+ Qe6 29. Qb7 Re7 30. Qb8+ Bf8 31. a5 bxa5 32. Nxa5 Qe2 (32... Qb6 $11 33. Qxb6 axb6) 33. Qb3+ $14 Kh8 34. Nc6 Rc7 $2 (34... Re8 $11) 35. Qb8 $18 (35. Nxa7 $2 Rxa7 36. Rf1 (36. Rxa7 Qe1+ 37. Kh2 Bd6+ 38. g3 Qxf2+ 39. Kh1 Qf3+ 40. Kg1 Qxg3+ 41. Kf1 Qxh3+ 42. Kg1 Bh2+ 43. Kf2 Bg3+ 44. Kf3 Be1+ 45. Ke2 Qe3+ 46. Kf1 Qf2#) 36... Kg7 $19) 35... Rf7 36. Qe5+ $2 (36. Nxa7 Qe6 (36... Qxc2 $2 37. Nc6 $18) 37. Nb5 Kg8 $18) ({White must play} 36. Ne5 $18 Kg8 37. Nxf7 (37. Rxa7 $2 Rxa7 38. Qxa7 Qe1+ 39. Kh2 Qxe5+ $19) 37... Kxf7 38. Rxa7+ (38. Qxa7+ Be7 $18) 38... Be7 39. Qh8) 36... Qxe5 $14 37. Nxe5 {[%emt 0:00:01][%mdl 4096] Endgame KRB-KRN} Rc7 ({Black should play} 37... Re7 38. Nc4 Re2) 38. Kf1 Kg7 39. Ra6 Be7 40. b3 {[%emt 0:00:02] White is more active.} Bf6 41. Nc6 Kf7 42. Rxa7 (42. Ke2 $16) 42... Rxa7 43. Nxa7 $16 {[%emt 0:00:01] KB-KN. White is a pawn up.} Ke6 44. Ke2 Kd5 45. Nb5 Bd8 46. Na3 Ba5 47. Nc4 Bd8 48. f4 Bc7 49. Kf3 h5 {[%emt 0:00:01] [#]} (49... Ke6 $16 {was necessary.}) 50. g4 $2 (50. h4 $1 $18) 50... hxg4+ $11 51. hxg4 Bb8 (51... Kc6 $11 {remains equal.}) 52. gxf5 ({White should try} 52. g5 $16) 52... gxf5 53. Nd2 Kc6 54. Nf1 {[%emt 0:00:02] Hoping for Ng3.} Kd5 55. Ng3 Ke6 56. Ne2 Kd5 57. Ng3 Ke6 58. Nh5 Kf7 59. Ng3 1/2-1/2

[Event "European Women Blitz-ch 2024"]
[Site "Monaco"]
[Date "2025.01.10"]
[Round "3.4"]
[White "Khademalsharieh, Sarasadat"]
[Black "Hejazipour, Mitra"]
[Result "1-0"]
[Annotator "TA"]
[ECO "D35"]
[WhiteElo "2458"]
[BlackElo "2310"]
[PlyCount "72"]
[EventDate "2025.01.06"]
[EventType "swiss"]
[EventCountry "MNC"]
[SourceTitle "playchess.com"]
[Source "ChessBase"]
[SourceQuality "1"]
[TimeControl "180+2"]

1. d4 Nf6 2. c4 e6 3. Nc3 d5 4. cxd5 exd5 5. Bg5 Bb4 6. Qb3 Nc6 7. e3 Bxc3+ 8. Qxc3 {[%emt 0:00:13] White is better.} h6 9. Bh4 (9. Bxf6 $1 $14 Qxf6 10. Ne2) 9... g5 $1 $11 {[%emt 0:00:03][%cal Of6e4] [#] Strongly threatening ...Ne4!} 10. Bg3 $1 Ne4 11. Qc1 (11. Qb3 $11) 11... Nxg3 (11... Qe7 $15) 12. hxg3 Bf5 13. Bb5 Qd6 {[%emt 0:00:05] [#] ...Qb4+ is the strong threat.} 14. Bxc6+ bxc6 15. Qc3 Be4 16. f3 Bf5 17. Ne2 Kf8 18. Rc1 Bd7 19. Kf2 (19. g4 $142) 19... Kg7 ({Black should try} 19... h5) 20. g4 $16 f6 (20... a5 $16 21. Ng3 Rhb8) 21. Ng3 $18 Rae8 22. Nf5+ Bxf5 23. gxf5 Rb8 24. b3 ({Much worse is} 24. Qxc6 $6 Rxb2+ 25. Kf1 Qxc6 (25... Rxa2 $2 {too greedy.} 26. Qb7 $18) 26. Rxc6 Rb1+ (26... Rxa2 27. Rxc7+ Kg8 28. Kg1 $16) 27. Kf2 Rxh1 $11) 24... Rb6 25. Qa5 a6 ({Better is} 25... h5) 26. g4 {[%emt 0:00:03] White is more active.} Re8 (26... h5 $142) 27. Qc5 Qe7 $2 {[%emt 0:00:16] A mistake that costs the game.} (27... Ra8 $16 28. b4 Rc8) 28. Qxe7+ Rxe7 {[%emt 0:00:01][%cal Be8e7,Be7d7,Bd7d6][%mdl 4128] Endgame. KRR-KRR} 29. Rc5 Rd7 30. Rhc1 Rd6 31. Ke2 h5 (31... Kg8 $142 32. R1c2 Kf7) 32. gxh5 Kh6 33. Kd3 Kg7 34. e4 {[%emt 0:00:07] White is clearly winning.} dxe4+ 35. fxe4 Kh6 36. Ke3 Kxh5 {[%emt 0:00:02] Weighted Error Value: White=0.17 (very precise) /Black=0.39.  Loses game:     	---       	Black=1      Mistake:       	White=3     	Black=7      Inaccurate:     	White=4     	Black=5      OK:         	White=12    	Black=6      Best:        	White=2     	Black=2      Strong:       	White=1     	Black=1} (36... Rb4 $18 37. R1c4 (37. Rxc6 Rbxd4 38. Rxd6 Rxd6 $18) 37... a5) 1-0

[Event "European Women Blitz-ch 2024"]
[Site "Monaco"]
[Date "2025.01.10"]
[Round "3.5"]
[White "Sliwicka, Alicja"]
[Black "Paehtz, Elisabeth"]
[Result "0-1"]
[Annotator "TA"]
[ECO "B33"]
[WhiteElo "2344"]
[BlackElo "2428"]
[PlyCount "106"]
[EventDate "2025.01.06"]
[EventType "swiss"]
[EventCountry "MNC"]
[SourceTitle "playchess.com"]
[Source "ChessBase"]
[SourceQuality "1"]
[TimeControl "180+2"]

1. e4 c5 2. Nf3 Nc6 3. d4 cxd4 4. Nxd4 Qb6 5. Nb3 Nf6 6. Nc3 e6 7. Bd3 d6 8. O-O a6 9. Be3 Qc7 10. f4 Be7 11. Qf3 Bd7 12. Rae1 Nb4 13. Kh1 Bc6 14. Nd4 Nd7 (14... O-O $14) 15. Nxc6 (15. Be2 $16 {a3 is the strong threat.} d5 16. a3 dxe4 17. Qg3 (17. Nxe4 Nd5 $16)) 15... bxc6 $14 16. Bd4 Nxd3 17. cxd3 O-O 18. Qg3 e5 19. Be3 Rab8 20. Rf2 Qa5 21. d4 Rb4 $2 (21... Nf6 $11 {and Black stays safe.} 22. Qf3 (22. dxe5 $2 Nxe4 23. Qf3 Nxf2+ 24. Qxf2 Rb4 $19) 22... d5) 22. d5 $2 (22. fxe5 $18 Qd8 (22... dxe5 $2 23. Bh6 $18) 23. Bh6 (23. exd6 Bh4 $16)) 22... c5 $11 23. Ref1 Bf6 24. f5 Rfb8 25. Bc1 Rd4 (25... c4 $15 {feels stronger.}) 26. Qf3 Qd8 27. Ne2 Rdb4 28. Qg4 Nb6 29. Ng3 (29. b3 $11) 29... Nxd5 $15 30. a3 Rd4 31. Nh5 {[%emt 0:00:06] Prevents Nf4} Rb3 (31... Nf4 $17 {and ...Nxh5 should not be overlooked} 32. Bxf4 exf4 33. Rxf4 Rxb2 34. Nxg7 Kh8 (34... Bxg7 $2 35. f6 $18)) 32. Qe2 (32. Nxg7 $14 {keeps the upper hand.} Kh8 (32... Bxg7 33. Bh6 $17) 33. Nh5) 32... Nc7 {[%emt 0:00:11] Black is more active.} (32... Nf4 $1 $17 33. Bxf4 (33. Nxf6+ Qxf6 34. Bxf4 exf4 $17) 33... exf4 34. Nxf4 Qe8) 33. Rf3 (33. Nxf6+ $11 Qxf6 34. Qc2) 33... Rxf3 (33... c4 $1 $17 34. Rxb3 cxb3) 34. gxf3 $11 Ne8 (34... c4 $11) 35. Be3 $1 $16 Ra4 {[%emt 0:00:05] [#]} 36. Rg1 (36. Qd1 $1 $16 Ra5 37. Nxf6+ Nxf6 38. a4) 36... Kf8 $11 37. Qg2 Rc4 {[%emt 0:00:03] [#]} (37... Qd7 $11) 38. Nxf6 $1 $16 gxf6 (38... Qxf6 $2 39. Bg5 $18) 39. Qe2 Ra4 40. Bh6+ {[%emt 0:00:04][%mdl 1024] White has compensation.} Ke7 41. Rg8 (41. Qc2 $11 {keeps the balance.} Qd7 42. Be3) 41... Qb6 42. Qd2 (42. Be3 $15) 42... Qb3 ({Better is} 42... Rd4 $17 43. Qc2 Qb5) 43. Kg2 $2 (43. Be3 $1 $11 {and White stays safe.}) 43... Rd4 $19 44. Qa5 {[%emt 0:00:00][%cal Og8e8] Threatening mate with Rxe8+!.} Qxb2+ 45. Kh3 $2 (45. Kg3 {was the only defense.} Qb5 46. Rxe8+ Qxe8 47. Qc7+ Qd7 48. Qb8) 45... Qf2 46. Qb6 (46. Rg3 $19 Qf1+ 47. Kh4) 46... Qxf3+ 47. Rg3 Qh5+ 48. Kg2 Qe2+ 49. Kh3 Qh5+ 50. Kg2 Qxh6 51. Qa7+ Kf8 52. Qa8 Rd2+ 53. Kf1 Qf4+ 0-1

[Event "European Women Blitz-ch 2024"]
[Site "Monaco"]
[Date "2025.01.10"]
[Round "3.6"]
[White "Ushenina, Anna"]
[Black "Garcia Martin, Marta"]
[Result "1-0"]
[Annotator "TA"]
[ECO "A50"]
[WhiteElo "2418"]
[BlackElo "2323"]
[PlyCount "86"]
[EventDate "2025.01.06"]
[EventType "swiss"]
[EventCountry "MNC"]
[SourceTitle "playchess.com"]
[Source "ChessBase"]
[SourceQuality "1"]
[TimeControl "180+2"]

1. Nf3 Nf6 2. c4 b6 3. g3 Bb7 4. Bg2 g6 5. d4 Bg7 6. O-O O-O 7. Qc2 Be4 8. Qb3 e6 9. Nc3 Bb7 10. Qc2 d5 11. cxd5 Nxd5 12. Rd1 Nd7 13. e4 Nxc3 14. bxc3 Qe7 (14... Re8 $11) 15. Bg5 Bf6 16. Bh6 Rfd8 17. a4 Bg7 18. Bxg7 Kxg7 19. a5 Rab8 20. axb6 axb6 21. Ra7 Qd6 {[%emt 0:00:12] [#]} (21... c5 $14) 22. h4 (22. e5 $1 $16 Qe7 23. c4) 22... Qe7 (22... b5 $14) 23. c4 e5 24. d5 {[%emt 0:00:05] White is more active.} (24. c5 $14 bxc5 25. dxe5) 24... Nc5 $11 25. Ne1 Ra8 26. Rda1 Rxa7 27. Rxa7 Ra8 28. Qa2 Qd8 29. Rxa8 Qxa8 30. Qb2 f6 31. Nc2 Qa5 32. Ne3 Ba6 33. Qc2 Qe1+ 34. Bf1 Qb4 35. Be2 Nb3 36. Qb2 Qa4 $2 (36... Qe1+ $11 37. Bf1 Nc5) 37. Bd1 $18 Bxc4 38. Nxc4 Qxc4 39. Qxb3 Qxe4 40. Qc3 Qxd5 41. Qxc7+ Kh6 42. Be2 {[%emt 0:00:02][%cal Oc7e7] Intending Qe7! and mate.} Qd2 43. Qc4 f5 1-0

[Event "European Women Blitz-ch 2024"]
[Site "Monaco"]
[Date "2025.01.10"]
[Round "3.7"]
[White "Maltsevskaya, Aleksandra"]
[Black "Rakhmangulova, Anastasiya"]
[Result "1-0"]
[Annotator "TA"]
[ECO "C41"]
[WhiteElo "2368"]
[BlackElo "2323"]
[PlyCount "87"]
[EventDate "2025.01.06"]
[EventType "swiss"]
[EventCountry "MNC"]
[SourceTitle "playchess.com"]
[Source "ChessBase"]
[SourceQuality "1"]
[TimeControl "180+2"]

1. e4 d6 2. d4 Nf6 3. Nc3 e5 4. Nf3 Nbd7 5. Bc4 Be7 6. O-O O-O 7. Re1 c6 8. a4 a5 9. b3 h6 10. Bb2 Re8 11. dxe5 Nxe5 (11... dxe5 12. Nh4 Bb4 13. Qf3 Nb6) 12. Be2 Ng6 (12... Qb6 {feels hotter.} 13. Qd2 Bg4 14. Nd4 d5) 13. Qd2 Qc7 14. Rad1 Bg4 15. Nd4 Bxe2 16. Qxe2 Rad8 (16... d5 $5) 17. Nf5 Bf8 18. Qf3 Nd7 19. Qg3 {[%emt 0:00:25][%cal Rf5d6] White is much more active.} Nc5 {[%emt 0:00:04] [#]} (19... Nf6 $14) 20. h4 $1 $16 Kh7 (20... h5 $16) 21. h5 $18 Ne5 22. f4 Ned7 23. Nxg7 Qb6 $2 (23... Bxg7 24. Nb5 Rg8 25. Nxc7 Bd4+ 26. Bxd4 (26. Rxd4 Rxg3 27. e5 d5 $18) 26... Rxg3) 24. Nxe8 Rxe8 25. Kh2 Ne6 26. Ne2 Be7 (26... Qc5 $142 27. Qf3 Qxc2) 27. Nd4 Rg8 28. Qf3 Ndc5 29. Nf5 Bf8 30. Nxd6 Qc7 31. e5 Nd7 32. Qh3 Nxf4 33. Qf5+ Ng6 34. hxg6+ (34. Qxf7+ $142 Rg7 35. hxg6+ Kh8 36. e6 Bxd6+ 37. Rxd6 Qxd6+ 38. Kh3 Qf8 39. exd7 (39. Qxd7 Qf5+ 40. Kh2 Qh5+ 41. Kg1 Qxg6 42. Bxg7+ Qxg7 43. e7 Kh7 44. Qd3+ Qg6 45. e8=Q Qe4 46. Qdxe4+ Kg7 47. Q4g6#) 39... Qxf7 40. Re8+ (40. gxf7 Kh7 41. f8=Q Rg3+ 42. Kxg3 Kg6 43. Re6+ Kh7 44. Rxh6#) 40... Qg8 41. Rxg8+ Kxg8 42. d8=Q#) 34... fxg6 35. Qf3 {[%emt 0:00:05] Ne8 would kill now.} Nc5 36. Qg3 Ne6 37. Rf1 Ng5 38. Kh1 Bg7 39. Ba1 Qb6 {[%emt 0:00:02] [#]} 40. e6 $1 {[%emt 0:00:01] And now Bxg7 would win.} Qb4 (40... Qc5 41. e7) 41. Bxg7 Kxg7 42. Nf7 Ne4 43. Qe5+ Kh7 44. Rd4 1-0